 Dungeon Crawl Stone Soup version 0.27.1-1-g398f81649c (webtiles) character file.

Game seed: 358420179593621278

1159 chaosape the Cleaver (level 8, -2/63 HPs)
             Began as a Gnoll Wanderer on Sept 17, 2021.
             Was an Initiate of Uskayaw.
             Slain by Menkaure (19 damage)
             ... on level 5 of the Dungeon on Sept 18, 2021.
             The game lasted 00:46:04 (5602 turns).

chaosape the Cleaver (Gnoll Wanderer)               Turns: 5602, Time: 00:46:05

Health: -2/63      AC:  8    Str: 14    XL:     8   Next: 39%
Magic:  13/16      EV:  9    Int:  9    God:    Uskayaw [......]
Gold:   186        SH:  9    Dex: 14    Spells: 18/18 levels left

rFire    . . .     SeeInvis .   A - +1 dagger (venom)
rCold    . . .     Faith    .   b - +0 kite shield
rNeg     . . .     Spirit   .   t - +0 scale mail
rPois    .         Reflect  .   j - +0 helmet
rElec    .         Harm     .   (no cloak)
rCorr    .         Rampage  .   (no gloves)
Will     .....                  (no boots)
Stlth    ++........             o - amulet of regeneration
HPRegen  1.20/turn              (no ring)
MPRegen  0.15/turn              (no ring)

@: no status effects
A: fangs 1, strong nose, distributed training
a: Renounce Religion


You were on level 5 of the Dungeon.
You worshipped Uskayaw.
Uskayaw was noncommittal.
You visited 2 branches of the dungeon, and saw 6 of its levels.

You collected 304 gold pieces.
You spent 118 gold pieces at shops.

Inventory:

Hand Weapons
 a - a +1 hand crossbow
 d - a +0 hand axe
 i - a +0 shortbow
 s - a +0 mace
 v - a +0 hand axe
 w - a +0 mace of protection
 A - a +1 dagger of venom (weapon)
Missiles
 c - 27 bolts
 h - 6 boomerangs (quivered)
 l - 7 arrows
 y - 25 poisoned darts
Armour
 b - a +0 kite shield (worn)
 e - a +0 robe
 g - a +0 leather armour
 j - a +0 helmet (worn)
 m - a +0 plate armour
 r - a +0 chain mail
 t - a +0 scale mail (worn)
 x - a +0 helmet
Jewellery
 o - an amulet of regeneration (around neck)
Wands
 q - a wand of acid (22)
 u - a wand of polymorph (11)
Scrolls
 k - a scroll of torment
 p - 2 scrolls of fog


   Skills:
 + Level 5.4 Fighting
 + Level 4.7 Short Blades
 + Level 4.7 Long Blades
 + Level 8.2 Axes
 + Level 4.7 Maces & Flails
 + Level 4.7 Polearms
 + Level 4.7 Staves
 + Level 4.7 Slings
 + Level 4.7 Bows
 + Level 4.7 Crossbows
 + Level 4.7 Throwing
 + Level 5.4 Armour
 + Level 4.7 Dodging
 + Level 5.3 Stealth
 + Level 5.4 Shields
 + Level 4.7 Unarmed Combat
 + Level 5.6 Spellcasting
 + Level 4.5 Conjurations
 + Level 3.9 Hexes
 + Level 3.9 Summonings
 + Level 3.9 Necromancy
 + Level 3.9 Translocations
 + Level 3.9 Transmutations
 + Level 3.9 Fire Magic
 + Level 3.9 Ice Magic
 + Level 4.5 Air Magic
 + Level 3.9 Earth Magic
 + Level 3.9 Poison Magic
 + Level 5.2 Invocations
 + Level 4.7 Evocations


You had 18 spell levels left.
You didn't know any spells.
Your spell library was empty.

Dungeon Overview and Level Annotations

Branches:
Dungeon (5/15)             Temple (1/1) D:4

Altars:
Ashenzari
Cheibriados
Dithmenos
Elyvilon
Fedhas
Gozag
Hepliaklqana
Kikubaaqudgha
Makhleb
Nemelex Xobeh
Okawaru
Qazlal
Ru
Sif Muna
Trog
Uskayaw
Vehumet
Wu Jian
Xom
Yredelemnul
The Shining One

Shops:
D:1 [=*   D:2 [*   D:3 (   D:4 (   D:5 :

Annotations:
D:5 Menkaure


Innate Abilities, Weirdness & Mutations

You have very sharp teeth.
Your uncanny sense of smell can sniff out nearby items.
Your experience applies equally to all skills.


Message History

Aim: Menkaure (fast, not susceptible) Menkaure is unaffected.
Menkaure barely misses you.
Aiming: Polymorph
Press: ? - help, Shift-Dir - straight line, f/p - Menkaure
Aim: Menkaure (fast, not susceptible) Menkaure is unaffected.
You block Menkaure's attack. Menkaure closely misses you.
Really attack while wielding your +1 hand crossbow? [Y]es or [N]o only, please.
Really attack while wielding your +1 hand crossbow? [Y]es or [N]o only, please.
Really attack while wielding your +1 hand crossbow? [Y]es or [N]o only, please.
Really attack while wielding your +1 hand crossbow? [Y]es or [N]o only, please.
Really attack while wielding your +1 hand crossbow?
Okay, then.
Your +1 dagger of venom begins to drip with poison!
A - a +1 dagger of venom (weapon)
You hit Menkaure.
Menkaure is lightly damaged.
You block Menkaure's attack.
You hit Menkaure.
Menkaure is lightly damaged.
Menkaure calls on the powers of darkness!
Your body is wracked with pain!
Menkaure hits you.
Menkaure grins.
Menkaure hits you!
* * * LOW HITPOINT WARNING * * *
Unknown command.
You feel better.
Menkaure giggles, "These cerements are ticklish..."
You block Menkaure's attack.
Okay, then.
You stomp with the beat, sending a shockwave through the revellers around you!
Menkaure is heavily damaged.
You can no longer stomp with the beat.
Menkaure hits you!!
You die...

<*,**********,,*,*,**##......####
***,,,**********∆*,* ######.#...
,,,,,,+,,,,,,,,,,*,* #....#.##
***,,,************,* #.##.#...
,,,*,,,,,,,,,,,,,,,* #.##.....
**,*,****,,,***##########.....###
*,*,* #,,,* #..............###
**,*,* #.,,* #(############....
,,,*,*###..,* #@# ####.
,,,,,,.)....####M# #..†
,,,,,,(..(..'....# #...
,,,,,,......######***#########...
,,,,,,.....∆******,,∆............
,,,,,,....,,,,,,,,,,,............
******###,≈≈≈≈,≈≈≈≈≈,............
*,≈≈≈≈,≈≈≈≈≈,^...........
*,≈≈≈≈,≈≈≈≈≈,.........###


You could see Menkaure (fast).

Vanquished Creatures
  A black bear (D:4)
  2 ogres
  A centaur (D:5)
  A phantom (D:5)
  A scorpion (D:5)
  A water moccasin skeleton (D:4)
  A howler monkey (D:5)
  A jelly (D:4)
  A hound (D:5)
  A centaur skeleton (D:5)
  2 orc priests
  A bullfrog skeleton (D:5)
  Ijyb (D:5)
  A killer bee zombie (D:5)
  A hound skeleton (D:4)
  Robin (D:4)
  5 adders
  A white imp (D:4)
  An ufetubus (D:5)
  An adder skeleton (D:4)
  A worm (D:2)
  2 dart slugs
  7 orcs
  4 bats
  6 endoplasms
  2 giant cockroaches
  7 hobgoblins
  4 quokkas
  4 ball pythons
  3 frilled lizards
  17 goblins
  4 kobolds
  11 rats
98 creatures vanquished.

Vanquished Creatures (collateral kills)
  A water moccasin (D:5)
  A phantom (D:5)
  A howler monkey zombie (D:5)
  A worm (D:5)
4 creatures vanquished.

Grand Total: 102 creatures vanquished

Notes
Turn   | Place    | Note
-------+----------+-------------------------------------------
     0 | D:1      | chaosape the Gnoll Wanderer began the quest for the Orb.
     0 | D:1      | chaosape set off with the following items: a +0 hand
                  | crossbow, a +0 kite shield, 25 bolts, a +0 hand axe, a +0
                  | robe
     0 | D:1      | Reached XP level 1. HP: 17/17 MP: 4/4
   384 | D:1      | Reached XP level 2. HP: 16/23 MP: 5/5
   819 | D:1      | Found Roehe's Jewellery Boutique.
   890 | D:1      | Found Ydiekhlem's Armour Emporium.
   992 | D:1      | Reached XP level 3. HP: 24/28 MP: 7/7
  1199 | D:1      | Found Ceugriera's General Store.
  1209 | D:1      | Bought a scroll of identify for 26 gold pieces
  1232 | D:2      | Found Voesir's Armour Shop.
  1330 | D:2      | Found a faded altar of an unknown god.
  1398 | D:2      | Reached skill level 1 in Invocations
  1759 | D:2      | Reached skill level 1 in Short Blades
  1759 | D:2      | Reached skill level 1 in Long Blades
  1759 | D:2      | Reached skill level 1 in Maces & Flails
  1759 | D:2      | Reached skill level 1 in Polearms
  1759 | D:2      | Reached skill level 1 in Staves
  1759 | D:2      | Reached skill level 1 in Slings
  1759 | D:2      | Reached skill level 1 in Bows
  1759 | D:2      | Reached skill level 1 in Crossbows
  1759 | D:2      | Reached skill level 1 in Throwing
  1759 | D:2      | Reached skill level 1 in Dodging
  1759 | D:2      | Reached skill level 1 in Unarmed Combat
  1759 | D:2      | Reached skill level 1 in Evocations
  1912 | D:2      | Reached XP level 4. HP: 34/34 MP: 8/8
  1961 | D:2      | Found Myjekom's Assorted Antiques.
  1970 | D:2      | Bought a twisted bone wand for 92 gold pieces
  2273 | D:3      | Found Fudugaew's Weapon Boutique.
  2495 | D:3      | Reached skill level 7 in Axes
  2495 | D:3      | Reached skill level 5 in Spellcasting
  2495 | D:3      | Reached XP level 5. HP: 43/43 MP: 8/12
  2596 | D:3      | Noticed a water moccasin
  2597 | D:3      | Noticed a black bear
  2998 | D:4      | Reached skill level 5 in Fighting
  2998 | D:4      | Reached skill level 5 in Armour
  2998 | D:4      | Reached skill level 5 in Shields
  3036 | D:4      | Found a staircase to the Ecumenical Temple.
  3047 | Temple   | Entered the Ecumenical Temple
  3158 | Temple   | Became a worshipper of Uskayaw the Reveller
  3179 | D:4      | Reached * piety under Uskayaw
  3338 | D:5      | Entered Level 5 of the Dungeon
  3398 | D:4      | Reached XP level 6. HP: 51/51 MP: 13/13
  3398 | D:4      | Noticed Robin
  3399 | D:4      | Reached ** piety under Uskayaw
  3401 | D:4      | Killed Robin
  3404 | D:4      | Reached *** piety under Uskayaw
  3536 | D:4      | Found Ogrures's Antique Weapon Boutique.
  3568 | D:4      | Noticed a black bear
  3592 | D:4      | Reached **** piety under Uskayaw
  3593 | D:4      | Killed a black bear
  3594 | D:4      | Reached skill level 5 in Stealth
  4046 | D:4      | Reached XP level 7. HP: 48/56 MP: 14/14
  4344 | D:5      | Noticed Ijyb
  4368 | D:5      | Killed Ijyb
  4369 | D:5      | Reached skill level 8 in Axes
  4382 | D:5      | Found Duroef's Book Emporium.
  4663 | D:5      | Reached skill level 5 in Invocations
  4665 | D:5      | HP: 4/84 [poisoned by a water moccasin]
  4669 | D:5      | HP: 1/84 [poisoned by a water moccasin]
  4689 | D:5      | Reached XP level 8. HP: 6/62 MP: 16/16
  5586 | D:5      | Noticed Menkaure
  5602 | D:5      | Slain by Menkaure

Illustrated notes

Levels and vault maps discovered:
D:1:      lemuel_arrival_rhombus, layout_loops_ring, serial_shops, shop,
          nicolae_shop_crystal, nicolae_shop_crystal
D:2:      layout_loops_cross, serial_rivers, chequers_serial_rivers_micro_c,
          chequers_serial_rivers_small_3, chequers_serial_rivers_micro_d,
          chequers_serial_rivers_micro_c, chequers_serial_rivers_micro_e,
          serial_shops, nicolae_square_shop, nicolae_lakefront_shop,
          basic_ecumenical_altar, minmay_rat_gold_closets
D:3:      layout_rooms, serial_shops, nicolae_square_shop,
          lightli_corner_chamber
D:4:      layout_gridville, minmay_temple_entry_purple_smoke, serial_shops,
          kennysheep_mini_moat, corexii_leaking_fountain, uniq_robin
D:5:      layout_basic, minivault_14, nicolae_stop_n_shop_1,
          grunt_decor_arrowhead, minmay_bent, uniq_ijyb, uniq_menkaure
Temple:   dpeg_three_leaves_temple

Skill      XL: |  1  2  3  4  5  6  7 |
---------------+----------------------+-----
Conjurations   | 2 4 |  4.5
Air Magic      | 2 4 |  4.5
Invocations    | 1 4 5 |  5.2
Short Blades   | 1 4 |  4.7
Long Blades    | 1 4 |  4.7
Maces & Flails | 1 4 |  4.7
Polearms       | 1 4 |  4.7
Staves         | 1 4 |  4.7
Slings         | 1 4 |  4.7
Bows           | 1 4 |  4.7
Crossbows      | 1 4 |  4.7
Throwing       | 1 4 |  4.7
Dodging        | 1 4 |  4.7
Unarmed Combat | 1 4 |  4.7
Evocations     | 1 4 |  4.7
Fighting       | 4 5 |  5.4
Axes           | 7 8 |  8.2
Armour         | 4 5 |  5.4
Stealth        | 4 5 |  5.3
Shields        | 4 5 |  5.4
Spellcasting   | 5 |  5.6
Hexes          | 3 |  3.9
Summonings     | 3 |  3.9
Necromancy     | 3 |  3.9
Translocations | 3 |  3.9
Transmutations | 3 |  3.9
Fire Magic     | 3 |  3.9
Ice Magic      | 3 |  3.9
Earth Magic    | 3 |  3.9
Poison Magic   | 3 |  3.9

Action                   |  1- 3 |  4- 6 |  7- 9 || total
-------------------------+-------+-------+-------++-------
Melee: Hand axe          |    56 |    66 |    24 ||   146
       Bite              |     5 |     8 |    12 ||    25
       Dagger            |       |       |    79 ||    79
 Fire: Hand crossbow     |    46 |    51 |     5 ||   102
Throw: Boomerang         |     2 |       |     6 ||     8
Invok: Stomp             |       |     3 |     8 ||    11
Evoke: Wand              |       |       |     4 ||     4
  Use: Scroll            |     1 |     4 |     5 ||    10
       Potion            |       |     1 |     5 ||     6
 Stab: Sleeping          |     2 |     1 |       ||     3
       Paralysed         |       |     2 |     2 ||     4
Armor: Robe              |     4 |       |       ||     4
       Leather armour    |    11 |    10 |       ||    21
       Scale mail        |       |    19 |    39 ||    58
       Skin              |       |       |     1 ||     1
Dodge: Dodged            |    15 |    37 |    45 ||    97
Block: Kite shield       |    22 |    38 |    64 ||   124
